 Dungeon Crawl Stone Soup version 0.25.1-8-g42b30a86e7 (webtiles) character file.

Game seed: 5212756994966644693

8230 hawla the Destroyer (level 11, -1/86 HPs)
             Began as a Grey Draconian Conjurer on Dec 18, 2020.
             Was a Priest of Vehumet.
             Slain by a skeletal warrior
             ... wielding a +0 trident
             ... led by a skeletal warrior
              (7 damage)
             ... on level 11 of the Dungeon.
             The game lasted 00:41:05 (15405 turns).

hawla the Destroyer (Grey Draconian Conjurer)      Turns: 15405, Time: 00:41:06

Health: -1/86      AC: 13    Str: 10    XL:     11   Next: 7%
Magic:  13/23      EV: 12    Int: 18    God:    Vehumet [***...]
Gold:   537        SH:  0    Dex: 16    Spells: 11/26 levels left

rFire    . . .     SeeInvis .   x - +0 quarterstaff
rCold    + . .     Gourm    .   (shield currently unavailable)
rNeg     . . .     Faith    .   (armour unavailable)
rPois    +         Spirit   .   (helmet restricted)
rElec    .         Reflect  .   c - +0 cloak of the Armadillo {rCorr Dex+5}
rCorr    +         Harm     .   (no gloves)
MR       ++...                  (no boots)
Stlth    ++........             (no amulet)
HPRegen  0.24/turn              d - ring of poison resistance
MPRegen  0.18/turn              k - ring of protection from magic

@: stab
A: walk through water, unfitting armour, cold resistance 1, magic resistance 1,
weak 1, unbreathing, cold-blooded, AC +12
a: Renounce Religion


You were on level 11 of the Dungeon.
You worshipped Vehumet.
Vehumet was most pleased with you.
You were not hungry.

You visited 2 branches of the dungeon, and saw 12 of its levels.

You collected 537 gold pieces.

Inventory:

Hand Weapons
 v - the +10 falchion of Xuluiti {vorpal, +Blink +Fly rF- Int+3}
   (You found it on level 6 of the Dungeon)

   It inflicts extra damage upon your enemies.
   It affects your intelligence (+3).
   It makes you vulnerable to fire.
   It lets you fly.
   It lets you blink.
 x - a +0 quarterstaff (weapon)
Missiles
 f - 5 curare-tipped darts
 g - 25 poisoned darts (quivered)
 n - 2 boomerangs
Armour
 c - the +0 cloak of the Armadillo (worn) {rCorr Dex+5}
   (You found it on level 5 of the Dungeon)

   It affects your dexterity (+5).
   It provides partial protection from all sources of acid and corrosion.
 i - a scarf of resistance
Jewellery
 d - a ring of poison resistance (left hand)
 k - a ring of protection from magic (right hand)
 o - an uncursed ring of protection from cold
 u - an uncursed ring of ice
 A - a cursed -4 ring of protection {unknown}
 C - an uncursed amulet of reflection {unknown}
 D - an uncursed ring of wizardry {unknown}
Wands
 l - a wand of acid (4)
 q - a wand of polymorph (5)
 y - a wand of random effects (20)
Scrolls
 j - 3 scrolls of remove curse
 m - 3 scrolls of identify
 p - a scroll of fear
 s - a scroll of magic mapping
 E - a scroll of enchant armour
Potions
 a - a potion of flight
 e - a potion of mutation
 h - 2 potions of resistance
 t - 2 potions of berserk rage
 w - a potion of cancellation
 z - a potion of might
Comestibles
 b - 8 rations


   Skills:
 - Level 5.0 Fighting
 + Level 3.1 Staves
 - Level 1.7 Dodging
 - Level 1.7 Stealth
 - Level 8.0 Spellcasting
 - Level 10.1 Conjurations
 - Level 1.0 Hexes
 - Level 9.2 Translocations
 - Level 4.1 Fire Magic


You had 11 spell levels left.
You knew the following spells:

 Your Spells              Type           Power        Failure   Level  Hunger
a - Magic Dart            Conj           ####         1%          1    None
b - Searing Ray           Conj           #####.       1%          2    None
c - Iskenderun's Mystic   Conj/Tloc      #####...     1%          4    ###....
d - Conjure Flame         Conj/Fire      ####....     1%          3    #......
e - Blink                 Tloc           N/A          1%          2    None
f - Inner Flame           Hex/Fire       ###.....     3%          3    #......

Your spell library contained the following spells:

 Spells                   Type           Power        Failure   Level  Hunger
 Dazzling Flash           Conj/Hex       ####..       1%          3    #......
 Mephitic Cloud           Conj/Pois/Air  ###.....     2%          3    #......
 Fulminant Prism          Conj/Hex       ####......   2%          4    ###....
 Summon Small Mammal      Summ           #...         10%         1    None
 Slow                     Hex            ##......     10%         2    None
 Call Imp                 Summ           #.......     14%         2    None
 Summon Guardian Golem    Hex/Summ       #.......     24%         3    #......
 Call Canine Familiar     Summ           #.......     28%         3    #......
 Summon Ice Beast         Ice/Summ       #.......     67%         4    ###....
 Summon Lightning Spire   Summ/Air       #.......     67%         4    ###....


Dungeon Overview and Level Annotations

Branches:
Dungeon (11/15)            Temple (1/1) D:7            Lair (0/6) D:9
    Orc: D:9-12

Altars:
Ashenzari
Cheibriados
Dithmenos
Elyvilon
Fedhas
Gozag
Hepliaklqana
Kikubaaqudgha
Makhleb
Nemelex Xobeh
Okawaru
Qazlal
Ru
Sif Muna
Trog
Uskayaw
Vehumet
Wu Jian
Xom
Yredelemnul
Zin
The Shining One

Shops:
D:6 *   D:9 }

Annotations:
D:3 Loot surrounded by fire.


Innate Abilities, Weirdness & Mutations

You can walk through water.
Your dull iron-grey scales are very hard. (AC +12)
You cannot fit into any form of body armour.
You can survive without breathing.
You are cold-blooded and may be slowed by cold attacks.
Your flesh is cold resistant. (rC+)
You are resistant to hostile enchantments. (MR+)
You are weak. (Str -2)


Message History

The mystic blast hits the skeletal warrior but does no damage.
The skeletal warrior is almost destroyed.
The skeletal warrior barely misses you.
The skeletal warrior completely misses you.
Evoke which item? (* to show all) (? for menu, Esc to quit)
Aiming: Corrosive Bolt
Press: ? - help, Shift-Dir - straight line, f/p - skeletal warrior
Aim: a skeletal warrior, wielding a +0 trident (severely damaged, covered in acid)
The bolt of acid misses the skeletal warrior.
The bolt of acid hits the skeletal warrior!
The skeletal warrior is splashed with acid.
The skeletal warrior is almost destroyed.
The skeletal warrior hits you with a +0 hand axe!
* * * LOW HITPOINT WARNING * * *
The skeletal warrior hits you from afar with a +0 trident!
* * * LOW HITPOINT WARNING * * *
The skeletal warrior hits you but does no damage.
You feel better.
The skeletal warrior hits you from afar with a +0 trident!
You die...

###########
#.........###
#.z.......'.#
##.........#.#
#@.z.......#.'.
##zz.......###z..
#####'##### ..z.
#..# ... #.## ..
#.# ## #.#
#####'###
#.......#


You could see 4 skeletal warriors.

Vanquished Creatures
  A skeletal warrior (D:11)
  An oklob plant (D:6)
  Joseph (D:8)
  Maurice (D:8)
  Psyche (D:8)
  Maggie (D:8)
  2 hippogriffs
  6 yaks (D:9)
  A wyvern (D:9)
  Grum (D:8)
  A steam dragon (D:9)
  2 hungry ghosts
  Eustachio (D:5)
  5 orc warriors
  6 sky beasts
  A phantom (D:7)
  3 wolves (D:8)
  3 ogres
  3 crocodiles (D:9)
  4 bullfrogs
  A water moccasin skeleton (D:5)
  3 scorpions
  17 killer bees
  A howler monkey (D:5)
  A wight (D:5)
  5 crimson imps
  A centaur zombie (D:8)
  2 jellies
  A gnoll shaman (D:4)
  3 orc priests
  4 orc wizards
  An iguana (D:6)
  Ijyb (D:4)
  4 worker ants
  A killer bee zombie (D:7)
  7 adders
  13 gnolls
  A shadow imp (D:5)
  3 oozes
  3 adder skeletons
  A worm (D:6)
  5 dart slugs
  2 leopard geckos
  21 orcs
  8 bats
  3 giant cockroaches
  7 goblins
  2 hobgoblins
  14 jackals
  8 kobolds
  4 quokkas
  2 ball pythons
  A frilled lizard (D:3)
  A quokka zombie (D:5)
  5 rats
202 creatures vanquished.

Notes
Turn   | Place    | Note
-------+----------+-------------------------------------------
     0 | D:1      | hawla the Draconian Conjurer began the quest for the Orb.
     0 | D:1      | Reached XP level 1. HP: 14/14 MP: 3/3
   483 | D:1      | Reached XP level 2. HP: 20/20 MP: 2/5
   487 | D:1      | Learned a level 2 spell: Searing Ray
  1495 | D:2      | Gained mutation: You are resistant to hostile enchantments.
                  | (MR+) [potion of mutation]
  1495 | D:2      | Gained mutation: You are weak. (Str -2) [potion of
                  | mutation]
  1495 | D:2      | Gained mutation: Your flesh is cold resistant. (rC+)
                  | [potion of mutation]
  1507 | D:2      | Reached XP level 3. HP: 6/26 MP: 0/7
  2823 | D:3      | Reached XP level 4. HP: 33/33 MP: 5/10
  2829 | D:3      | Learned a level 4 spell: Iskenderun's Mystic Blast
  3636 | D:3      | Reached skill level 1 in Translocations
  3994 | D:4      | Found a radiant altar of Vehumet.
  3997 | D:4      | Reached XP level 5. HP: 21/38 MP: 7/11
  4061 | D:4      | Became a worshipper of Vehumet
  4449 | D:4      | Noticed Ijyb
  4457 | D:4      | Killed Ijyb
  4642 | D:4      | Noticed a sky beast
  4649 | D:4      | Killed a sky beast
  4649 | D:4      | Reached XP level 6. HP: 34/45 MP: 5/13
  4789 | D:4      | Reached skill level 5 in Conjurations
  5002 | D:4      | Reached skill level 5 in Spellcasting
  5119 | D:4      | Found a shimmering blue altar of Sif Muna.
  5120 | D:4      | Found a sparkling altar of Nemelex Xobeh.
  5528 | D:5      | Entered Level 5 of the Dungeon
  5559 | D:5      | Got a masterwork cloak
  5570 | D:5      | Identified the +0 cloak of the Armadillo {rCorr Dex+5} (You
                  | found it on level 5 of the Dungeon)
  5761 | D:5      | Noticed an orc warrior
  5761 | D:5      | Noticed an orc warrior
  5959 | D:5      | Your scales start taking on a dull iron-grey colour.
  5959 | D:5      | Reached XP level 7. HP: 38/50 MP: 4/14
  5959 | D:5      | Gained mutation: You can survive without breathing. [Grey
                  | Draconian growth]
  6641 | D:5      | Noticed Eustachio
  7293 | D:4      | Reached skill level 6 in Conjurations
  7775 | D:5      | Killed Eustachio
  7775 | D:5      | Reached XP level 8. HP: 51/57 MP: 5/17
  7889 | D:5      | Reached skill level 5 in Translocations
  8230 | D:6      | Found Gozag's Platinum Reserve.
  8230 | D:6      | Found an opulent altar of Gozag.
  8346 | D:6      | Learned a level 3 spell: Conjure Flame
  8349 | D:6      | Learned a level 2 spell: Blink
  8352 | D:6      | Found a shadowy altar of Dithmenos.
  8352 | D:6      | Noticed an oklob plant
  8366 | D:6      | Killed an oklob plant
  8366 | D:6      | Reached * piety under Vehumet
  8366 | D:6      | Offered knowledge of Shock by Vehumet.
  8366 | D:6      | Reached skill level 7 in Conjurations
  8566 | D:6      | Got a masterwork falchion
  8566 | D:6      | Identified the +10 falchion of Xuluiti {vorpal, +Blink +Fly
                  | rF- Int+3} (You found it on level 6 of the Dungeon)
  8683 | D:6      | Reached XP level 9. HP: 47/62 MP: 19/19
  9096 | D:6      | Found a sacrificial altar of Ru.
  9112 | D:6      | Reached skill level 8 in Conjurations
 10312 | D:7      | Found a staircase to the Ecumenical Temple.
 10325 | Temple   | Entered the Ecumenical Temple
 10676 | D:7      | Reached ** piety under Vehumet
 10676 | D:7      | Offered knowledge of Freeze by Vehumet.
 10986 | D:7      | Reached skill level 9 in Conjurations
 11624 | D:8      | Reached XP level 10. HP: 69/69 MP: 18/22
 11759 | D:8      | Noticed Grum
 11763 | D:8      | Offered knowledge of Inner Flame by Vehumet.
 11768 | D:8      | Killed Grum
 11860 | D:8      | Noticed Maggie
 11862 | D:8      | Noticed Maurice
 12046 | D:8      | Killed Maggie
 12212 | D:8      | Killed Maurice
 12212 | D:8      | Reached *** piety under Vehumet
 12212 | D:8      | Reached skill level 10 in Conjurations
 12306 | D:8      | Noticed Psyche
 12417 | D:8      | Killed Psyche
 12417 | D:8      | Reached skill level 1 in Fighting
 12417 | D:8      | Reached skill level 1 in Fire Magic
 12422 | D:8      | Learned a level 3 spell: Inner Flame
 12709 | D:8      | Noticed Joseph
 13308 | D:8      | Killed Joseph
 13308 | D:8      | Reached skill level 1 in Hexes
 14020 | D:9      | Found a shimmering altar of Xom.
 14151 | D:9      | Found Xiot's Gadget Emporium.
 14660 | D:9      | Reached skill level 5 in Fighting
 14808 | D:9      | Found a staircase to the Lair.
 15234 | D:10     | Entered Level 10 of the Dungeon
 15239 | D:10     | Reached skill level 1 in Staves
 15240 | D:10     | Reached XP level 11. HP: 83/86 MP: 11/23
 15326 | D:10     | Noticed a death knight
 15326 | D:10     | Noticed a two-headed ogre
 15327 | D:10     | Noticed a deep elf mage
 15374 | D:11     | Noticed a skeletal warrior
 15374 | D:11     | Noticed a skeletal warrior
 15374 | D:11     | Noticed a skeletal warrior
 15375 | D:11     | Noticed a skeletal warrior
 15393 | D:11     | Noticed a skeletal warrior
 15403 | D:11     | Killed a skeletal warrior
 15404 | D:11     | HP: 1/86 [skeletal warrior/+0 trident[a skeletal warrior]
                  | (12)]
 15405 | D:11     | Slain by a skeletal warrior

Illustrated notes

Levels and vault maps discovered:
D:1:      minmay_arrival_up_and_down, layout_basic
D:2:      layout_loops_cross
D:3:      layout_basic, first_ration, lemuel_flame_loot_1
D:4:      layout_basic, kennysheep_little_box, gammafunk_temple_overflow_pools,
          uniq_ijyb
D:5:      minmay_opposing_rooms, layout_basic, sword_in_stone
D:6:      layout_cave_pods, nicolae_gozag_zags_fifth_avenue, basic_altar,
          lemuel_oklob_altar
D:7:      layout_basic, minmay_temple_entry_wispy
D:8:      layout_basic, uniq_maggie, uniq_maurice, uniq_grum, uniq_psyche,
          uniq_joseph
D:9:      layout_grid_maze, erik_lair_dragon, basic_altar, serial_shops,
          nicolae_shop_trees
D:10:     minmay_general_purpose_star, layout_loops_ring, blue_anna_alchemist
          [blue_anna_fruit_fields, blue_anna_fruit_fields], minmay_ruined_shrine
D:11:     layout_roguey, hiddenorc2_lemuel, nrook_pool_corridor,
          minmay_variable_closet
Temple:   compressed_dpeg_circular_temple

Skill      XL: |  1  2  3  4  5  6  7  8  9 10 11 |
---------------+----------------------------------+-----
Spellcasting   | 3 4 5 6 7 8 |  8.0
Translocations | 1 2 3 4 6 8 9 |  9.2
Conjurations   | 5 6 7 9 10 | 10.1
Fighting       | 5 |  5.0
Fire Magic     | 4 |  4.1
Hexes          | 1 |  1.0
Staves         | 1 3 |  3.1
Dodging        | |  1.7
Stealth        | |  1.7

Action                   |  1- 3 |  4- 6 |  7- 9 | 10-12 || total
-------------------------+-------+-------+-------+-------++-------
Melee: Unarmed           |    22 |    33 |     6 |       ||    61
       Tailslap          |     1 |     5 |     3 |     3 ||    12
       Falchion          |       |       |     8 |    13 ||    21
       Quarterstaff      |       |       |       |     4 ||     4
 Cast: Magic Dart        |    55 |    46 |    98 |    41 ||   240
       Searing Ray       |    12 |    29 |    72 |    32 ||   145
       Iskenderun's Myst |       |     2 |     9 |    25 ||    36
       Inner Flame       |       |       |       |     8 ||     8
       Conjure Flame     |       |       |       |     2 ||     2
       Blink             |       |       |       |     1 ||     1
Evoke: Wand              |       |       |     1 |     3 ||     4
  Use: Potion            |     3 |     2 |     2 |     4 ||    11
       Scroll            |     3 |     5 |     2 |     8 ||    18
  Eat: Chunk             |     3 |     8 |    14 |     9 ||    34
       Ration            |     1 |     1 |     1 |     2 ||     5
Armor: Skin              |    18 |    29 |    63 |    34 ||   144
Dodge: Dodged            |    23 |    47 |    84 |    50 ||   204
       Rpst.: Falchion   |       |       |     4 |     7 ||    11
